 Dungeon Crawl Stone Soup version 0.21-a0-70-g32e1473 (console) character file.

854 removed the Cleaver (level 7, 0/60 HPs)
             Began as a White Draconian Wanderer on June 18, 2017.
             Slain by a hound (4 damage)
             ... on level 5 of the Dungeon.
             The game lasted 00:10:06 (6446 turns).

removed the Cleaver (White Draconian Wanderer)      Turns: 6446, Time: 00:10:07

Health: 0/60       AC:  6    Str: 15    XL:     7   Next: 70%
Magic:  17/17      EV: 13    Int: 11    God:
Gold:   149        SH:  0    Dex: 13    Spells: 6/6 levels left

rFire    . . .     SeeInvis .   a - +0 war axe
rCold    + . .     Gourm    .   (no shield)
rNeg     . . .     Faith    .   (armour unavailable)
rPois    .         Spirit   .   (helmet restricted)
rElec    .         Reflect  .   (no cloak)
rCorr    .         Harm     .   (no gloves)
MR       .....                  (no boots)
Stlth    +.........             v - amulet of rage
HPRegen  0.20/turn              y - ring of magical power
MPRegen  0.15/turn              (no ring)

@: no status effects
A: breathe frost, unfitting armour, cold resistance 1, cold-blooded, AC +6
a: Breathe Frost, Evoke Berserk Rage


You were on level 5 of the Dungeon.
You were hungry.

You visited 2 branches of the dungeon, and saw 6 of its levels.

You collected 149 gold pieces.

Inventory:

Hand Weapons
 a - a +0 war axe (weapon)
 b - a +0 blowgun
 B - a +0 hand crossbow
 L - a +0 hand axe
 Q - the +5 dagger "Woicuc" {drain, Str+2 Stlth+}
   (You found it on level 5 of the Dungeon)

   A truly terrible weapon, it drains the life of those it strikes.
   It affects your strength (+2).
   It makes you more stealthy.
Missiles
 c - 37 bolts
 C - 8 poisoned needles
 H - a throwing net (quivered)
Jewellery
 v - an amulet of rage (around neck)
 y - a ring of magical power (left hand)
 J - an uncursed ring of ice
Wands
 d - a wand of flame (15/48)
Scrolls
 j - 2 scrolls of fear {unknown}
 k - 3 scrolls of enchant armour {unknown}
 m - a scroll of fog {unknown}
 p - a scroll of magic mapping {unknown}
 q - 5 scrolls of teleportation {unknown}
 s - a scroll of amnesia {unknown}
 t - 3 scrolls of identify {unknown}
 u - a scroll of enchant weapon {unknown}
 D - a scroll of random uselessness {unknown}
 G - a scroll of remove curse {unknown}
 K - a scroll of recharging {unknown}
Potions
 g - 2 potions of mutation {unknown}
 h - a potion of degeneration {unknown}
 i - a potion of curing {unknown}
 l - a potion of brilliance {unknown}
 n - a potion of resistance {unknown}
 x - 2 potions of heal wounds {unknown}
 E - 2 potions of flight {unknown}
 N - a potion of haste {unknown}
 O - a potion of ambrosia {unknown}
 P - a potion of lignification {unknown}
Comestibles
 f - 2 bread rations
 o - 2 meat rations
 w - a fruit
 A - 2 royal jellies


   Skills:
 - Level 4.3 Fighting
 - Level 8.0 Axes
 + Level 3.4 Dodging
 - Level 2.0 Unarmed Combat
 - Level 2.0 Evocations


You had 6 spell levels left.
You didn't know any spells.

Dungeon Overview and Level Annotations

Branches:
Dungeon (5/15)             Temple (1/1) D:4

Altars:
Cheibriados
Dithmenos
Elyvilon
Fedhas
Gozag
Hepliaklqana
Makhleb
Nemelex Xobeh
Okawaru
Qazlal
Sif Muna
Trog
Vehumet
Wu Jian
Xom
Yredelemnul
Zin
The Shining One

Shops:
D:4 *


Innate Abilities, Weirdness & Mutations

You can breathe waves of freezing cold.
You can buffet flying creatures when you breathe cold.
Your icy white scales are hard. (AC +6)
You cannot fit into any form of body armour.
Your flesh is cold resistant. (rC+)
You are cold-blooded and may be slowed by cold attacks.


Message History

Unknown command.
You hit the hound.
The hound is moderately wounded.
The hound closely misses you.
Unknown command.
You miss the hound.
Your tail-slap misses the hound.
The hound is moderately wounded.
The hound bites you but does no damage. The hound bites you.
* * * LOW HITPOINT WARNING * * *
Unknown command.
You miss the hound.
Your tail-slap misses the hound.
The hound is moderately wounded.
The hound bites you.
* * * LOW HITPOINT WARNING * * *
The hound bites you but does no damage.
Unknown command.
You closely miss the hound. You tail-slap the hound.
The hound is moderately wounded.
The hound bites you.
You die...

# ..# #. ..# #.# ..#
#.. ..# ... ..
#.##.####### ######
#$)h†...... ......
#####@#####.# ######
#.....((..#.#####
#.....###.......######
####### #.......##....
#.......##.### ##
#.......##.#.# #.
#.......##...# #..
#.......####.# ...
#.#.##### #.#


You could see a hound.

Vanquished Creatures
  A sky beast (D:4)
  A centaur (D:5)
  A jelly (D:5)
  An orc priest (D:4)
  A gnoll shaman (D:3)
  2 orc wizards
  Jessica (D:2)
  A centaur skeleton (D:5)
  2 iguanas (D:5)
  3 worker ants
  Natasha (thrice) (D:4)
  10 adders
  9 gnolls
  An ooze (D:4)
  A worm (D:4)
  3 dart slugs
  8 leopard geckos
  13 orcs
  7 goblins
  8 hobgoblins
  3 jackals (D:3)
  8 kobolds
  2 quokkas
  A ball python (D:3)
  A ball python skeleton (D:5)
  7 bats
  4 frilled lizards
  2 quokka skeletons (D:4)
  9 rats
  A spectral orc (D:3)
115 creatures vanquished.

Notes
Turn   | Place    | Note
-------+----------+-------------------------------------------
     0 | D:1      | removed the Draconian Wanderer began the quest for the Orb.
     0 | D:1      | removed set off with: a wand of flame (15/48), a +0 hand crossbow, 21 bolts, a +0 hand axe, a bread ration
     0 | D:1      | Reached XP level 1. HP: 22/22 MP: 2/2
    57 | D:1      | Reached XP level 2. HP: 15/28 MP: 3/3
    63 | D:1      | Reached skill level 3 in Axes
   620 | D:1      | Reached XP level 3. HP: 34/34 MP: 4/4
  1352 | D:2      | Found an ornate altar of the Wu Jian Council.
  1353 | D:2      | Found an opulent altar of Gozag.
  1484 | D:2      | Noticed Jessica
  1493 | D:2      | Killed Jessica
  1493 | D:2      | Reached skill level 4 in Axes
  1493 | D:2      | Reached XP level 4. HP: 38/41 MP: 5/5
  1829 | D:2      | Found a hazy altar of Hepliaklqana.
  2045 | D:2      | Reached skill level 5 in Axes
  2628 | D:3      | Reached XP level 5. HP: 35/47 MP: 6/6
  2846 | D:3      | Found a blossoming altar of Fedhas.
  2864 | D:3      | Found a blossoming altar of Fedhas.
  3278 | D:3      | Found a sparkling altar of Nemelex Xobeh.
  3434 | D:3      | Found a basalt altar of Yredelemnul.
  3774 | D:4      | Noticed a sky beast
  3800 | D:4      | Killed a sky beast
  3800 | D:4      | Reached skill level 6 in Axes
  3800 | D:4      | Reached XP level 6. HP: 36/53 MP: 7/7
  4242 | D:3      | Reached skill level 7 in Axes
  4622 | D:4      | Found a staircase to the Ecumenical Temple.
  5290 | D:4      | Found Diuq's Assorted Antiques.
  5295 | D:4      | Noticed Natasha
  5308 | D:4      | Killed Natasha
  5417 | Temple   | Entered the Ecumenical Temple
  5502 | D:4      | Noticed Natasha
  5521 | D:4      | Killed Natasha
  5521 | D:4      | Your scales start taking on an icy white colour.
  5521 | D:4      | Reached XP level 7. HP: 40/60 MP: 8/8
  5521 | D:4      | Gained mutation: Your flesh is cold resistant. (rC+) [White Draconian growth]
  5610 | D:4      | Noticed Natasha
  5626 | D:4      | Killed Natasha
  5883 | D:5      | Entered Level 5 of the Dungeon
  6016 | D:4      | Reached skill level 8 in Axes
  6143 | D:5      | Reached skill level 1 in Dodging
  6374 | D:5      | Got a polished dagger
  6429 | D:5      | Identified the +5 dagger "Woicuc" {drain, Str+2 Stlth+} (You found it on level 5 of the Dungeon)
  6446 | D:5      | Slain by a hound

Vault maps used:
D:1:      lightli_arrival_flooded_house
D:2:      marbit_many_paths, grunt_temple_overflow_open, uniq_jessica
D:3:      lemuel_crystal_altar, yredelemnul_forgotten_temple_becter,
          lemuel_round_altar, fedhas_altar_1
D:4:      lemuel_upstairs_altar, minmay_temple_entry_purple_smoke, serial_shops,
          kennysheep_mini_moat, lemuel_another_geyser, uniq_natasha
D:5:      first_bread, serial_curves, eino_curves_02, eino_curves_02,
          hangedman_abyss_or_decor_stabs, fountainhead, grunt_ministairs_14,
          makhleb_heckhound_becter, uniq_prince_ribbit1
Temple:   nicolae_temple_no_exploring_needed

Skill      XL: |  1  2  3  4  5  6  7 |
---------------+----------------------+-----
Axes           | 3 4 5 6 7 8 |  8.0
Dodging        | 3 |  3.4
Fighting       | |  4.3
Unarmed Combat | |  2.0
Evocations     | |  2.0

Action                   |  1- 3 |  4- 6 |  7- 9 || total
-------------------------+-------+-------+-------++-------
Melee: Hand axe          |    84 |   290 |    17 ||   391
       Tailslap          |    11 |    30 |    11 ||    52
       Punch             |       |     3 |       ||     3
       War axe           |       |       |    45 ||    45
 Fire: Blowgun           |       |    30 |       ||    30
 Stab: Sleeping          |       |     2 |       ||     2
  Eat: Chunk             |     1 |    14 |     2 ||    17
Armor: Skin              |    36 |    84 |    25 ||   145
Dodge: Dodged            |    43 |   170 |    43 ||   256
